Map: Hard Lead LE

Players

CoffeeAme

  • Race: Terran Terran
  • League: Master
  • Spawn Location: 11:00

Krystianer - Winner!

  • Race: Protoss Protoss
  • Spawn Location: 5:00

VOD

Have the link to the VOD?

Description

Time

  • Played on: Dec. 18, 2023, 3:21 p.m.
  • Length: 9:31
Show
View Real Time Build Order
Export as new Build Order

CoffeeAme Terran 

Build Orders: Liberator Opening 

Get SALT Encoding   

  12  0:00  SCV  
  13  0:12  SCV  
  14  0:17  Supply Depot  
  14  0:25  SCV  
  15  0:38  SCV  
  15  0:40  Barracks  
  16  0:44  Refinery  
  16  0:51  SCV  
  16  0:52  Refinery  
  17  1:03  SCV  
  18  1:15  SCV  
  19  1:27  Orbital Command, Reaper  
  19  1:28  Supply Depot  
  20  1:42  Factory  
  20  1:53  SCV  
  21  2:04  Barracks Reactor  
  21  2:05  SCV  
  22  2:17  SCV  
  22  2:20  Command Center  
  23  2:30  Starport  
  23  2:31  SCV  
  24  2:39  Widow Mine  
  24  2:42  Marine x2  
  28  2:47  Supply Depot  
  28  2:49  SCV  
  29  3:00  Marine x2  
  29  3:01  Factory Tech Lab  
  31  3:09  SCV  
  31  3:12  Medivac  
  34  3:18  Marine x2  
  38  3:20  Widow Mine  
  38  3:23  SCV  
  39  3:33  Orbital Command  
  39  3:35  SCV  
  39  3:37  Marine x2  
  42  3:47  SCV  
  42  3:48  Siege Tank  
  46  3:53  Liberator  
  49  3:59  SCV, Marine x2  
  52  4:04  SCV  
  52  4:07  Supply Depot  
  51  4:23  Marine  
  52  4:25  SCV x2  
  52  4:30  Marine  
  54  4:37  SCV x2  
  55  4:41  Siege Tank, Marine  
  59  4:47  Marine  
  59  4:49  SCV x2  
  62  4:58  Marine, Bunker  
  62  4:59  Supply Depot  
  59  5:01  SCV x2  
  59  5:05  Marine  
  62  5:10  Supply Depot  
  62  5:13  Supply Depot  
  62  5:20  Siege Tank, Marine, SCV x2  
  62  5:21  Liberator  
  68  5:23  Marine  
  64  5:33  SCV x2  
  65  5:37  Barracks  
  65  5:41  Marine x2  
  67  5:45  SCV x2  
  67  5:46  Barracks  
  69  5:51  Engineering Bay  
  69  5:53  Refinery  
  69  5:56  Siege Tank  
  72  5:57  SCV x2  
  72  6:01  Marine x2  
  76  6:09  SCV x2  
  73  6:17  Starport Tech Lab  
  71  6:19  Marine x2  
  71  6:22  SCV  
  71  6:24  SCV  
  68  6:33  Barracks Tech Lab  
  68  6:34  SCV  
  68  6:36  SCV  
  70  6:41  Supply Depot, Starport Reactor, Marine  
  70  6:46  SCV  
  70  6:48  SCV  
  70  6:50  Terran Infantry Weapons Level 1, Refinery  
  70  6:51  Stimpack  
  70  6:55  Supply Depot  
  70  6:58  Bunker  
  70  7:01  Supply Depot  
  70  7:02  Marine x3  
  70  7:03  Siege Tank  
  70  7:05  Combat Shield  
  76  7:13  Marine  
  72  7:17  Barracks  
  72  7:18  Barracks  
  72  7:20  Marine x3  
  72  7:23  SCV x2  
  74  7:31  Marine  
  74  7:35  SCV, Siege Tank  
  78  7:38  Marine  
  78  7:39  Marine  
  78  7:46  Marine, Missile Turret  
  78  7:49  Marine, Medivac x2  
  82  7:58  Supply Depot  
  82  7:59  Supply Depot x2  
  82  8:02  Marine x2  
  84  8:06  Supply Depot  
  84  8:07  Marauder  
  84  8:08  Siege Tank  
  84  8:09  Missile Turret  
  89  8:15  Marine x2  
  89  8:19  Marine  
  91  8:20  Marauder, Medivac x2  
  98  8:28  Marine  
  98  8:33  Marine x2  
  99  8:36  Marine  
  99  8:37  Marine  
  100  8:42  Marauder  
  100  8:47  Marauder  
  103  8:48  Siege Tank  
  103  8:50  SCV, Marine  
  103  8:51  Marine  
  103  8:54  Marine  
  103  8:55  Marine  
  107  9:02  Marine  
Show
View Real Time Build Order
Export as new Build Order

Krystianer Protoss - Winner!

Build Orders: 1 Gate Expand, Blink Stalkers 

Get SALT Encoding   

  12  0:00  Probe  
  13  0:12  Probe  
  14  0:17  Pylon  
  14  0:24  Probe (Chrono Boost)  
  16  0:36  Gateway  
  16  0:37  Probe (Chrono Boost)  
  16  0:42  Probe (Chrono Boost)  
  16  0:45  Assimilator  
  17  0:51  Probe  
  18  1:03  Probe  
  19  1:15  Probe  
  20  1:22  Nexus  
  20  1:32  Cybernetics Core  
  20  1:35  Probe  
  21  1:40  Assimilator  
  21  1:47  Probe  
  21  1:50  Pylon  
  22  1:59  Probe  
  23  2:05  Adept (Chrono Boost)  
  23  2:08  Warp Gate  
  24  2:12  Probe  
  25  2:18  Twilight Council  
  25  2:24  Probe (Chrono Boost)  
  25  2:28  Stalker  
  28  2:34  Probe (Chrono Boost)  
  29  2:40  Probe (Chrono Boost)  
  29  2:43  Probe (Chrono Boost)  
  31  2:45  Probe (Chrono Boost)  
  31  2:48  Probe (Chrono Boost)  
  33  2:53  Shield Battery  
  33  2:54  Probe  
  33  2:56  Blink (Chrono Boost)  
  34  3:04  Probe  
  35  3:06  Probe  
  35  3:10  Stalker  
  38  3:16  Probe  
  38  3:19  Probe  
  40  3:23  Robotics Facility  
  40  3:28  Gateway  
  40  3:30  Probe  
  40  3:33  Probe  
  42  3:38  Pylon  
  42  3:42  Probe  
  42  3:45  Probe  
  42  3:46  Gateway  
  44  3:52  Gateway  
  44  3:54  Probe  
  45  3:57  Stalker  
  45  4:01  Assimilator  
  45  4:02  Probe  
  48  4:07  Pylon  
  48  4:13  Probe  
  48  4:14  Probe  
  45  4:25  Stalker x2, Probe  
  45  4:27  Probe  
  50  4:37  Probe  
  50  4:39  Probe  
  49  4:46  Warp Prism (Chrono Boost)  
  49  4:48  Stalker x2  
  49  4:49  Probe  
  49  4:51  Probe  
  53  5:01  Stalker x2, Probe  
  53  5:04  Probe  
  53  5:06  Pylon  
  59  5:17  Stalker  
  61  5:24  Probe  
  61  5:26  Probe  
  62  5:29  Stalker x3  
  62  5:34  Pylon  
  67  5:37  Probe  
  67  5:38  Probe  
  69  5:51  Probe  
  69  5:56  Stalker x2  
  69  5:57  Stalker x2  
  78  5:59  Pylon  
  78  6:06  Probe  
  73  6:16  Nexus  
  73  6:18  Pylon  
  73  6:24  Probe  
  68  6:31  Stalker x3  
  66  6:32  Stalker  
  66  6:35  Probe (Chrono Boost)  
  66  6:36  Probe (Chrono Boost)  
  70  6:45  Probe (Chrono Boost)  
  70  6:46  Probe (Chrono Boost)  
  72  6:50  Probe (Chrono Boost)  
  72  6:51  Probe (Chrono Boost)  
  74  6:54  Pylon  
  74  6:55  Charge  
  74  6:58  Forge  
  76  7:01  Probe (Chrono Boost)  
  76  7:03  Probe (Chrono Boost)  
  76  7:05  Observer  
  76  7:08  Probe x2 (Chrono Boost)  
  79  7:15  Probe  
  79  7:17  Probe  
  81  7:24  Stalker x4  
  81  7:27  Probe  
  81  7:29  Probe, Pylon  
  91  7:35  Gateway, Protoss Ground Weapons Level 1 (Chrono Boost)  
  91  7:37  Gateway  
  91  7:47  Gateway  
  91  7:48  Gateway  
  91  7:53  Probe  
  90  7:59  Robotics Bay  
  90  8:00  Zealot x4  
  90  8:01  Pylon  
  98  8:16  Immortal (Chrono Boost)  
  102  8:22  Photon Cannon  
  102  8:23  Zealot x4  
  102  8:24  Pylon  
  102  8:26  Shield Battery  
  110  8:28  Probe  
  111  8:36  Zealot x2  
  111  8:39  Pylon  
  119  8:50  Zealot x5  
  119  8:53  Pylon  
  129  8:57  Zealot x3  
  127  9:12  Zealot x5  
Tags
 
Add a new tag
Caveats
  • Supply blocks, unpowered buildings, or Contaminate may cause inaccurate times.
  • Supply counts are checked every 10 seconds.